 Dungeon Crawl Stone Soup version 0.19.0-19-g8c6edcc (webtiles) character file.

149 mopl the Scratcher (level 5, 24/24 HPs)
             Began as a Felid Abyssal Knight on Nov 14, 2016.
             Was a Believer of Lugonu.
             Quit the game on level 4 of the Dungeon.
             The game lasted 00:10:06 (4947 turns).

mopl the Scratcher (Felid Abyssal Knight)           Turns: 4947, Time: 00:10:07

Health: 24/24      AC:  6    Str:  8    XL:     5   Next: 9%
Magic:  8/8        EV: 18    Int: 14    God:    Lugonu [**....]
Gold:   166        SH:  0    Dex: 17    Spells: 0 memorised, 4 levels left
                                        Lives:  0   Deaths: 1

rFire  . . .     SeeInvis +       - Unarmed
rCold  . . .     Gourm    .     (armour unavailable)
rNeg   . . .     Faith    .     (shield unavailable)
rPois  .         Spirit   .     (helmet unavailable)
rElec  .         Reflect  .     (cloak unavailable)
rCorr  .         Harm     .     (gloves unavailable)
MR     .....                    (boots unavailable)
Stlth  +++.......               (no amulet)
                                (no ring)
                                l - +4 ring of protection

@: quick
A: no armour, no weapons or thrown items, stealth, claws 1, fangs 3, see
invisible, carnivore 3, speed 1, shaggy fur 2, slow metabolism 1, sharp paws
a: Depart the Abyss, Bend Space, Renounce Religion


You were on level 4 of the Dungeon.
You worshipped Lugonu.
Lugonu was pleased with you.
You were not hungry.

You visited 1 branch of the dungeon, and saw 4 of its levels.
You visited the Abyss 1 time.

You collected 166 gold pieces.

Inventory:

Jewellery
 d - an uncursed ring of fire
 l - a +4 ring of protection (left paw)
 p - an uncursed ring of ice
Wands
 r - a wand of paralysis (16/24)
Scrolls
 e - a scroll of torment {unknown}
 f - 2 scrolls of blinking {unknown}
 h - a scroll of magic mapping {unknown}
 i - 2 scrolls of remove curse {unknown}
 j - 2 scrolls of teleportation {unknown}
 k - a scroll of enchant weapon {unknown}
 n - a scroll of enchant armour {unknown}
 o - a scroll of fog {unknown}
 s - a scroll of recharging {unknown}
 t - a scroll of fear {unknown}
 u - a scroll of amnesia {unknown}
Potions
 g - 2 potions of cancellation
 m - 2 potions of agility
Books
 b - a book of the Dragon

   Spells                             Type                      Level
   a - Flame Tongue                   Conjuration/Fire             1
   b - Cause Fear                     Hexes                        4
   c - Bolt of Fire                   Conjuration/Fire             6
   d - Dragon Form                    Transmutation                7
   e - Dragon's Call                  Summoning                    9
Comestibles
 a - 2 meat rations
 c - a beef jerky


   Skills:
 - Level 3.0 Fighting
 - Level 3.2 Dodging
 + Level 3.9 Stealth
 * Level 4.4 Unarmed Combat
 + Level 3.9 Invocations


You had 4 spell levels left.
You didn't know any spells.

Dungeon Overview and Level Annotations

Branches:
Dungeon (4/15)             Temple (0/1) D:4

Altars:
Makhleb
Nemelex Xobeh
Xom
Yredelemnul

Annotations:
D:4 Uhlv's ghost, amateur DDSk


Innate Abilities, Weirdness & Mutations

You cannot wear armour.
You are incapable of wielding weapons or throwing items.
Your paws allow you to move quietly. (Stealth)
You have sharp claws.
You have razor-sharp teeth.
You have supernaturally acute eyesight. (SInv)
You are carnivorous and can eat meat at any time.
You cover ground quickly.
You are covered in thick fur. (AC +2)
You have a slow metabolism.
Your sharp claws are effective at attacking unaware monsters.


Message History

You scratch the orc wizard but do no damage.
You claw the orc wizard!
You bite the orc wizard, but do no damage.
The orc wizard is heavily wounded.
The orc priest invokes the aid of Beogh against you.
Pain shoots through your body!
* * * LOW HITPOINT WARNING * * *
The orc wizard gestures at you while chanting.
The puff of flame hits you!
* * * LOW HITPOINT WARNING * * *
The orc wizard drinks a potion.
The orc wizard is healed! 2 orcs come into view.
An orc comes into view.
An orc comes into view. It is wielding a whip.
The orc shouts!
The orc hits you with a whip.
You die...
You are now level 5!
You rejoin the land of the living...
Are you sure you want to abandon this character and quit the game? (Confirm with "yes".)

.....o....# #......#
#..lo..###
#........#####
#........#$..#
#######...# #..## #..#
#@.# #..## #..)# #
###)## ###### #..##
#.#...
#######..†#######.###.
...........##......##.
..........)##.......#.
..........o)o.o.....#.


There were no monsters in sight!

Vanquished Creatures
  The ghost of Chiseanne the Chopper, a weakling DDSk (D:3)
  A gnoll shaman (D:3)
  2 orc wizards
  Robin (D:3)
  2 gnolls
  4 adders
  2 oozes
  A worm (D:3)
  3 leopard geckos
  12 orcs
  6 bats
  2 giant cockroaches (D:1)
  11 goblins
  9 hobgoblins
  5 frilled lizards
  3 kobolds
  A quokka skeleton (D:4)
  6 rats
72 creatures vanquished.

Vanquished Creatures (others)
  A plant (D:2)
1 creature vanquished.

Grand Total: 73 creatures vanquished

Notes
Turn   | Place    | Note
-------+----------+-------------------------------------------
     0 | Abyss:1  | mopl the Felid Abyssal Knight began the quest for the Orb.
     0 | Abyss:1  | Reached XP level 1. HP: 10/10 MP: 3/3
    52 | Abyss:1  | Found a corrupted altar of Lugonu.
    81 | Abyss:2  | Noticed a fire bat
   129 | Abyss:2  | Noticed a small abomination
   203 | Abyss:4  | Noticed an efreet
   219 | Abyss:4  | Noticed a large abomination
   235 | Abyss:4  | Noticed a starcursed mass
   277 | Abyss:4  | Noticed an ancient zyme
   283 | Abyss:4  | Noticed a spatial vortex
   307 | Abyss:4  | Noticed a raiju
   311 | D:1      | Escaped the Abyss
   381 | D:1      | Reached skill level 2 in Invocations
   472 | D:1      | Reached skill level 1 in Stealth
   617 | D:1      | Reached XP level 2. HP: 14/14 MP: 4/4
   693 | D:2      | Found a faded altar of an unknown god.
   707 | D:2      | Found a shimmering altar of Xom.
   707 | D:2      | Found a shimmering altar of Xom.
   708 | D:2      | Found a shimmering altar of Xom.
   708 | D:2      | Found a shimmering altar of Xom.
   791 | D:2      | Found a burning altar of Makhleb.
   796 | D:2      | Found a sparkling altar of Nemelex Xobeh.
  1223 | D:3      | Noticed Robin
  1287 | D:3      | Reached * piety under Lugonu
  1318 | D:3      | Killed Robin
  1318 | D:3      | Reached skill level 2 in Stealth
  1318 | D:3      | Reached XP level 3. HP: 13/17 MP: 5/5
  1345 | D:3      | Noticed Chiseanne's ghost (weakling DDSk)
  1356 | D:3      | Killed Chiseanne's ghost
  1356 | D:3      | Reached skill level 3 in Unarmed Combat
  1356 | D:3      | Reached skill level 3 in Invocations
  1356 | D:3      | Reached XP level 4. HP: 11/21 MP: 5/7
  2058 | D:2      | Reached skill level 3 in Stealth
  2448 | D:2      | HP: 1/21 [poisoned by an adder]
  3078 | D:2      | Reached XP level 5. HP: 13/24 MP: 8/8
  3841 | D:3      | Found a faded altar of an unknown god.
  3841 | D:3      | Found a faded altar of an unknown god.
  3854 | D:3      | Found a faded altar of an unknown god.
  3870 | D:3      | Found a faded altar of an unknown god.
  3872 | D:3      | Found a basalt altar of Yredelemnul.
  4122 | D:4      | Noticed Uhlv's ghost (amateur DDSk)
  4122 | D:4      | Found a staircase to the Ecumenical Temple.
  4252 | D:4      | Reached skill level 4 in Unarmed Combat
  4848 | D:4      | Reached ** piety under Lugonu
  4860 | D:4      | Gained mutation: You are covered in thick fur. (AC +2) [Felid growth]
  4860 | D:4      | Reached XP level 6. HP: 22/28 MP: 9/9
  4946 | D:4      | Slain by an orc
  4947 | D:4      | Reached XP level 5. HP: 0/24 MP: 8/8
  4947 | D:4      | Quit the game

Skill      XL: |  1  2  3  4  5 |
---------------+----------------+-----
Invocations    | 2 3 |  3.9
Stealth        | 1 2 3 |  3.9
Unarmed Combat | 3 4 |  4.4
Fighting       | |  3.0
Dodging        | |  3.2

Action                   |  1- 3 |  4- 6 || total
-------------------------+-------+-------++-------
Melee: Unarmed           |    61 |   211 ||   272
       Bite              |     3 |    15 ||    18
       Punch             |     1 |     2 ||     3
Invok: Depart the Abyss  |     1 |       ||     1
  Use: Scroll            |     3 |       ||     3
       Potion            |     1 |     2 ||     3
 Stab: Sleeping          |     6 |     3 ||     9
  Eat: Chunk             |     4 |    11 ||    15
Armor: Skin              |     2 |    23 ||    25
Dodge: Dodged            |    36 |   154 ||   190
